Map: Central Protocol

Players

TuuSAmo

  • Race: Zerg Zerg
  • League: Bronze

ZatchNakarie - Winner!

  • Race: Zerg Zerg
  • League: Silver

VOD

Have the link to the VOD?

Description

Time

  • Played on: Nov. 23, 2015, 11:18 p.m.
  • Length: 10:50
Show
View Real Time Build Order
Export as new Build Order

TuuSAmo Zerg 

Build Orders: Pool First 

Get SALT Encoding   

  12  0:01  Drone  
  13  0:08  Drone  
  14  0:16  Overlord  
  14  0:36  Spawning Pool  
  14  0:41  Drone  
  14  0:44  Extractor  
  13  0:52  Drone  
  14  1:23  Hatchery, Zergling x2  
  14  1:24  Zergling x2  
  15  1:36  Queen  
  17  1:42  Drone  
  18  2:03  Drone x3  
  21  2:16  Overlord  
  21  2:36  Drone  
  22  2:37  Drone x2  
  22  2:42  Metabolic Boost  
  24  2:49  Zergling x8  
  25  3:17  Zergling x10  
  25  3:19  Drone  
  31  3:21  Drone x3  
  34  3:40  Spine Crawler  
  32  3:48  Zergling x8  
  35  3:59  Overlord x2  
  35  4:01  Roach Warren  
  34  4:09  Zergling x2  
  35  4:17  Queen  
  37  4:34  Extractor  
  36  4:42  Drone  
  36  4:43  Drone x3  
  36  4:44  Drone  
  41  4:49  Lair  
  41  4:52  Roach  
  43  4:56  Overlord  
  43  5:12  Overlord x2  
  43  5:14  Queen  
  45  5:35  Roach x4  
  53  5:36  Roach  
  55  5:47  Drone x2  
  55  5:48  Drone x5  
  62  6:04  Ravager x3  
  62  6:11  Drone x2  
  66  6:43  Zergling x2  
  66  6:46  Overlord x3  
  52  7:02  Zergling x8  
  52  7:03  Zergling x10  
  52  7:20  Roach x7  
  65  7:25  Zergling x2  
  61  7:34  Zergling x4  
  54  7:52  Zergling x6  
  56  8:01  Zergling x8  
  56  8:02  Zergling x2  
  61  8:09  Drone x2  
  61  8:10  Drone  
  64  8:20  Baneling Nest  
  64  8:24  Evolution Chamber  
  64  8:25  Evolution Chamber  
  60  8:50  Roach x4  
  60  8:51  Roach  
  60  8:55  Zergling x6  
  72  8:56  Zergling x2  
  74  9:04  Hatchery  
  73  9:23  Ravager x4  
  77  9:27  Baneling x6  
  77  9:28  Centrifical Hooks, Baneling  
  77  9:34  Extractor  
  77  9:36  Extractor  
  75  9:39  Spire  
  75  9:40  Overlord, Roach  
  75  9:41  Overlord x2  
  75  9:42  Overlord x5  
  75  9:43  Overlord  
  76  9:54  Drone x3  
  76  9:55  Drone x2  
  81  10:04  Baneling x4  
  81  10:05  Baneling x2  
  81  10:06  Zergling x4  
  81  10:07  Zergling x4  
  85  10:21  Overseer  
  82  10:32  Baneling  
Show
View Real Time Build Order
Export as new Build Order

ZatchNakarie Zerg - Winner!

Build Orders: Pool First, Lurkers 

Get SALT Encoding   

  12  0:01  Drone  
  13  0:12  Drone  
  14  0:17  Overlord  
  14  0:30  Drone, Extractor  
  15  0:37  Drone  
  15  0:38  Drone  
  17  0:50  Spawning Pool  
  16  1:15  Hatchery  
  15  1:21  Drone  
  15  1:22  Drone x2  
  18  1:26  Extractor  
  17  1:34  Overlord  
  17  1:40  Queen  
  19  1:57  Zergling x4  
  21  2:27  Drone x3  
  21  2:29  Drone, Queen  
  27  2:38  Metabolic Boost  
  27  2:51  Zergling x2  
  27  2:52  Zergling x10  
  33  3:10  Spine Crawler  
  32  3:22  Baneling Nest  
  31  3:31  Drone x5  
  31  3:33  Overlord  
  31  3:34  Overlord x2  
  36  3:35  Overlord  
  31  3:51  Drone x2  
  33  4:07  Drone x3  
  36  4:12  Extractor  
  35  4:17  Zergling x2  
  35  4:18  Zergling x2  
  35  4:20  Hatchery  
  36  4:37  Drone x3  
  39  4:38  Drone  
  39  4:40  Drone x4  
  39  4:41  Drone  
  39  4:42  Zergling x2  
  39  4:43  Zergling x2  
  47  5:10  Lair  
  47  5:18  Evolution Chamber  
  47  5:20  Evolution Chamber  
  45  5:21  Baneling x4  
  45  5:31  Drone x3  
  45  5:33  Drone x4  
  52  5:36  Overlord x4, Extractor x2  
  52  5:38  Drone x3  
  52  5:39  Drone x2  
  55  5:44  Drone x2  
  55  5:47  Zerg Missile Weapons Level 1, Zerg Ground Armor Level 1  
  57  6:00  Drone  
  58  6:08  Baneling x3  
  58  6:10  Zergling x10  
  63  6:13  Queen  
  63  6:15  Drone x6  
  71  6:18  Overseer  
  71  6:33  Hydralisk Den  
  70  6:44  Zergling x18  
  78  6:58  Zergling x12  
  81  7:10  Drone  
  81  7:11  Drone x2  
  75  7:29  Hydralisk x3  
  72  7:30  Hydralisk x5  
  83  7:45  Zergling x14  
  87  7:52  Hatchery  
  83  7:59  Lurker Den  
  83  8:11  Hydralisk x7  
  97  8:33  Overlord x5  
  97  8:47  Extractor x2  
  97  8:48  Drone x2  
  97  8:50  Overlord x2  
  97  8:51  Overlord  
  97  8:52  Drone x3  
  100  9:00  Zergling x2  
  100  9:01  Zergling x6  
  104  9:05  Queen  
  106  9:24  Hydralisk x8  
  106  9:27  Lurker  
  106  9:28  Lurker x4  
  127  9:36  Zergling x8  
  127  9:37  Zergling x10  
  136  9:52  Hatchery  
Tags
 
Add a new tag
Caveats
  • Supply blocks, unpowered buildings, or Contaminate may cause inaccurate times.
  • Supply counts are checked every 10 seconds.